 Dungeon Crawl Stone Soup version 0.30-a0-1035-g38d5fb2972 (webtiles) character file.

Game seed: 12316323273138483751

249 domi the Shooter (level 5, -2/25 HPs)
             Began as a Spriggan Hunter on Apr 8, 2023.
             Slain by a river rat (7 damage)
             ... in a sewer.
             The game lasted 00:03:29 (3106 turns).

domi the Shooter (Spriggan Hunter)                  Turns: 3106, Time: 00:03:29

Health: -2/25      AC:  2    Str:  7    XL:     5   Next: 87%
Magic:  6/6        EV: 18    Int: 11    God:
Gold:   162        SH:  0    Dex: 20    Spells: 4/4 levels left

rFire   . . .      SeeInvis +    a - +0 shortbow
rCold   + . .      Faith    .    (shield currently unavailable)
rNeg    . . .      Spirit   .    c - +0 robe
rPois   .          Reflect  .    (helmet restricted)
rElec   .          Rampage  .    (no cloak)
rCorr   .                        (gloves unavailable)
Will    .....                    (boots unavailable)
Stlth   ++                       (no amulet)
HPRegen 0.24/turn                t - ring of protection from cold {rC+}
MPRegen 0.10/turn                (no ring)

@: brilliant, very quick
A: very small, no large weapons, unfitting armour, see invisible, speed 3
a: no special abilities


You were in a sewer.
You visited 1 branch of the dungeon, and saw 5 of its levels.
You also visited: Sewer.

You collected 162 gold pieces.

Inventory:

Hand Weapons
 a - a +0 shortbow (weapon)
Armour
 c - a +0 robe (worn)
 s - a +2 hat
   (You found it on level 4 of the Dungeon)
Jewellery
 g - a ring of wizardry {Wiz+}
   (You found it on level 1 of the Dungeon)
 t - a ring of protection from cold (left hand) {rC+}
   (You found it on level 6 of the Dungeon)
Scrolls
 b - 2 scrolls of immolation {!r!r}
 d - a scroll of enchant weapon {unknown}
 e - 2 scrolls of enchant armour {unknown}
 h - a scroll of vulnerability {unknown}
 i - 3 scrolls of teleportation {unknown}
 j - a scroll of acquirement {unknown}
 l - a scroll of fear {unknown}
 n - a scroll of identify {unknown}
 o - 2 scrolls of noise {unknown}
 p - a scroll of blinking {unknown}
Potions
 f - a potion of brilliance
 k - a potion of mutation {unknown}
 m - a potion of ambrosia {unknown}
 q - a potion of invisibility {unknown}
 r - a potion of curing {unknown}
 u - a potion of degeneration {unknown}
 v - a potion of resistance {unknown}


   Skills:
 - Level 1.5 Fighting
 + Level 7.2 Ranged Weapons
 - Level 2.6 Dodging
 - Level 1.5 Stealth


You had 4 spell levels left.
You didn't know any spells.
Your spell library contained the following spells:

 Spells                   Type           Power      Damage    Failure   Level
 Freeze                   Ice            0%         1d3       34%         1
 Kiss of Death            Conj/Necr      0%         2d5       34%         1
 Poisonous Vapours        Pois/Air       0%         N/A       47%         2
 Confusing Touch          Hex            0%         N/A       71%         3
 Frozen Ramparts          Ice            0%         1d1       71%         3
 Hailstorm                Conj/Ice       0%         3d3       71%         3
 Mephitic Cloud           Conj/Pois/Air  0%         N/A       71%         3
 Dispel Undead            Necr           0%         3d6       98%         4
 Freezing Cloud           Conj/Ice/Air   0%         6-21      100%        5


Dungeon Overview and Level Annotations

Branches:
Dungeon (6/15)              Sewer (1/1)
 Temple: D:4-7

Altars:
Elyvilon

Shops:
D:3 =(=(


Innate Abilities, Weirdness & Mutations

You are very small and have problems with some larger weapons.
You are too small for most types of armour.
You have supernaturally acute eyesight. (SInv)
You cover ground extremely quickly. (Speed+++)


Message History

There are monsters nearby!
You shoot an arrow. The arrow hits the river rat!
You kill the river rat!
The adder bites you.
A rat comes into view.
The adder bites you.
There are monsters nearby!
You shoot an arrow. The arrow hits the adder.
The ball python barely misses you. The ball python closely misses you.
The adder closely misses you.
The ball python bites you but does no damage.
The ball python barely misses you.
You shoot an arrow.
The arrow hits the adder but does no damage.
The adder bites you. The ball python closely misses you.
The ball python completely misses you. The adder bites you.
You shoot an arrow. The arrow hits the adder.
You kill the adder!
The ball python barely misses you. The ball python closely misses you.
There are monsters nearby!
You shoot an arrow. The arrow hits the ball python.
The ball python completely misses you. The ball python grabs you.
The ball python constricts you. The ball python closely misses you.
The ball python constricts you.
You shoot an arrow.
The arrow barely misses the ball python.
The ball python bites you but does no damage.
The ball python constricts you.
You shoot an arrow. The arrow hits the ball python!
You kill the ball python!
You shoot an arrow. The arrow barely misses the rat.
You shoot an arrow. The arrow completely misses the rat.
You shoot an arrow. The arrow hits the rat!
You kill the rat!
You shoot an arrow. The arrow barely misses the rat.
You shoot an arrow. The arrow hits the rat.
You shoot an arrow. The arrow barely misses the rat.
You shoot an arrow.
The arrow hits the rat but does no damage.
You shoot an arrow. The arrow hits the rat!
You kill the rat!
No target in view!
No target in view!
A ball python comes into view.
A ball python is nearby!
You shoot an arrow. The arrow hits the ball python!
You kill the ball python!
You enter the shallow water.
Moving in this stuff is going to be slow.
A rat comes into view.
You shoot an arrow. The arrow hits the rat.
You kill the rat! 2 rats come into view.
You shoot an arrow. The arrow hits the rat!
You kill the rat!
A rat is nearby!
You shoot an arrow. The arrow hits the rat!
You kill the rat!
A rat and an adder come into view.
The adder hisses angrily.
A river rat comes into view. x2
You shoot an arrow. The arrow barely misses the adder.
There are monsters nearby!
There are monsters nearby!
You shoot an arrow. The arrow misses the adder.
There are monsters nearby!
You shoot an arrow. The arrow hits the adder.
The rat twitches its whiskers.
The adder misses you.
There are monsters nearby!
You shoot an arrow. The arrow hits the adder.
The adder bites you.
There are monsters nearby!
You shoot an arrow. The arrow misses the adder.
The adder bites you.
You are poisoned.
The adder poisons you! The rat closely misses you.
You shoot an arrow. The arrow completely misses the adder.
You feel sick. The adder bites you but does no damage.
The rat closely misses you. The adder closely misses you.
You shoot an arrow. The arrow hits the adder!
You kill the adder!
You feel sick. The river rat bites you! The rat misses you.
You are too injured to fight recklessly!
You are too injured to fight recklessly!
You are too injured to fight recklessly!
There are monsters nearby!
Unknown command.
You enter the shallow water.
Moving in this stuff is going to be slow.
You feel sick. The river rat bites you.
* * * LOW HITPOINT WARNING * * *
You feel sick. The river rat attacks as you move away!
The river rat misses you.
You feel sick.
You feel sick.
You are no longer poisoned.
It was a potion of brilliance.
You feel clever all of a sudden. The river rat barely misses you.
The river rat bites you!
You die...

##### #∩..## ##### ###
##.†.######..#####..∩# #####
..###...†..#####..##...######...#
.............##.......#####..†...
.......................##........
.............................†...
.~.~~~~..........................
~≈≈≈≈~~.~..........~~.~..~....~~~
≈≈≈≈≈~≈~≈.~.....@..~~~≈≈≈≈≈≈~~≈≈≈
≈≈≈≈≈≈≈≈~~≈≈~~~rr.~≈~≈≈≈≈≈≈≈≈≈≈≈≈
≈≈≈≈≈≈≈≈≈≈≈≈≈≈≈≈~≈~≈≈≈≈≈≈≈≈≈≈≈≈≈≈
≈≈≈≈≈≈≈≈≈≈≈~~~≈~r≈≈~≈~≈≈≈≈≈≈≈≈≈≈≈
≈≈≈≈~~≈≈≈~~~~~~....~.~≈~≈≈≈~~≈≈≈≈
≈~≈≈~~.~.~..........~~..
##......##†........... .....#
##........##. #.....†.##


You could see 2 river rats and a rat.

Vanquished Creatures
  An ogre (D:3)
  An iguana (D:4)
  4 adders
  2 river rats (Sewer)
  A dart slug (D:1)
  An orc (D:3)
  8 endoplasms
  3 giant cockroaches
  6 hobgoblins
  4 jackals (D:1)
  10 kobolds
  4 quokkas
  8 ball pythons
  6 bats
  A frilled lizard (D:1)
  7 goblins
  15 rats
82 creatures vanquished.

Notes
Turn   | Place    | Note
-------+----------+-------------------------------------------
     0 | D:1      | domi the Spriggan Hunter began the quest for the Orb.
     0 | D:1      | Reached XP level 1. HP: 10/10 MP: 2/2
   104 | D:1      | Reached XP level 2. HP: 14/14 MP: 3/3
   439 | D:1      | Reached skill level 5 in Ranged Weapons
   527 | D:1      | Reached XP level 3. HP: 18/18 MP: 4/4
  1289 | D:2      | Found a faded altar of an unknown god.
  1696 | D:3      | Found Ziobat's Antique Weapon Emporium.
  1872 | D:3      | Found Cain's Jewellery Shop.
  1886 | D:3      | Reached XP level 4. HP: 22/22 MP: 5/5
  1899 | D:3      | Found Omismane's Jewellery Shoppe.
  1931 | D:3      | Noticed an ogre
  1944 | D:3      | Killed an ogre
  1945 | D:3      | Reached skill level 6 in Ranged Weapons
  1945 | D:3      | Reached XP level 5. HP: 25/25 MP: 6/6
  2130 | D:3      | Found Nuruzoamy's Antique Weapon Shoppe.
  2195 | D:3      | Found a white marble altar of Elyvilon.
  2670 | D:4      | You fall into a shaft and drop 2 floors!
  2761 | D:6      | Noticed a sky beast
  2764 | D:6      | Noticed a black bear
  2907 | D:6      | Found a glowing drain.
  2922 | Sewer    | Entered a sewer
  3020 | Sewer    | Reached skill level 7 in Ranged Weapons
  3103 | Sewer    | HP: 6/25 [poisoned by an adder]
  3106 | Sewer    | Slain by a river rat

Illustrated notes

Levels and vault maps discovered:
D:1:      ncdulo_smallfort, layout_loops_ring, minmay_misc_feat_tower,
          ebering_dispersal_statue_hall
D:2:      layout_basic, dreamdust_ecumenical_altar_grove, hex_tiny,
          minmay_misc_feat_four_crosses
D:3:      layout_basic, elyvilon_altar_5, serial_shops,
          nicolae_shop_advertising_works [nicolae_subvault_shop_adworks],
          nicolae_diamond_shop, nicolae_shop_overgrown_old_shop,
          nicolae_shop_behind_doors
D:4:      layout_loops_ring, minmay_overflow_temple_star_hex,
          dilly_guarded_unrand_morg
D:6:      layout_loops_corners, cheibriados_altar_1, gup_sewer_entry_pipe,
          chequers_arboretum, minmay_ogre_servants
Sewer:    sewer_minmay_treatment

Skill      XL: |  1  2  3  4  5 |
---------------+----------------+-----
Ranged Weapons | 5 6 7 |  7.2
Fighting       | |  1.5
Dodging        | |  2.6
Stealth        | |  1.5

Action                     |  1- 3 |  4- 6 || total
---------------------------+-------+-------++-------
   Fire: Shortbow          |   112 |   101 ||   213
    Use: Potion            |       |     1 ||     1
 Armour: Robe              |     3 |     7 ||    10
  Dodge: Dodged            |    19 |    41 ||    60

Table legend: (Time is in decaauts)
 A = Elapsed time spent in this place.
 B = Non-inter-level travel time spent in this place.
 C = Inter-level travel time spent in this place.
 D = Time resting spent in this place.
 E = Time spent auto-exploring this place.
 F = Levels seen in this place.
 G = Mean time per level.
                   A        B        C        D        E       F      G
               +--------+--------+--------+--------+--------+-----+--------+
         Total |   2058 |   2038 |     20 |      0 |   1627 |   6 |  343.0 |
       Dungeon |   1910 |   1890 |     20 |      0 |   1559 |   5 |  382.0 |
         Sewer |    148 |    148 |      0 |      0 |     67 |   1 |  148.0 |
               +--------+--------+--------+--------+--------+-----+--------+

Top non-repeatable levels by time:
     D:1: 566 daAuts
     D:2: 542 daAuts
     D:3: 440 daAuts
     D:4: 181 daAuts
     D:6: 179 daAuts
   Sewer: 148 daAuts

Table legend:
 A = Kills in this place as a percentage of kills in the entire game.
 B = Kills by you in this place as a percentage of kills by you in the entire game.
 C = Kills by friends in this place as a percentage of kills by friends in the entire game.
 D = Other kills in this place as a percentage of other kills in the entire game.
 E = Experience gained in this place as a percentage of experience gained in the entire game.
 F = Experience gained in this place divided by the number of levels of this place that you have seen.
                   A       B       C       D       E      F
               +-------+-------+-------+-------+-------+----------------------
         Total | 100.0 | 100.0 |   N/A |   N/A | 100.0 |  59.5
       Dungeon |  74.4 |  74.4 |   N/A |   N/A |  79.8 |  57.0
         Sewer |  25.6 |  25.6 |   N/A |   N/A |  20.2 |  72.0
               +-------+-------+-------+-------+-------+----------------------
